 Dungeon Crawl Stone Soup version 0.24-a0-368-g0e0cebd0f3 (webtiles) character file.

Game seed: 12311281342866384731

93 Avack the Ruffian (level 4, -9/39 HPs)
             Began as a Troll Ice Elementalist on May 29, 2019.
             Killed by divine providence
             ... invoked by an orc priest
              (15 damage)
             ... on level 3 of the Dungeon.
             The game lasted 00:02:50 (1375 turns).

Avack the Ruffian (Troll Ice Elementalist)          Turns: 1375, Time: 00:02:51

Health: -9/39      AC:  8    Str: 21    XL:     4   Next: 36%
Magic:  4/4        EV:  5    Int: 12    God:
Gold:   136        SH: 15    Dex: 10    Spells: 4/5 levels left

rFire    . . .     SeeInvis .     - Unarmed
rCold    + . .     Gourm    +   d - +2 large shield {reflect}
rNeg     . . .     Faith    .   a - +0 robe
rPois    .         Spirit   .   h - +2 hat
rElec    .         Reflect  +   (no cloak)
rCorr    .         Harm     .   (gloves unavailable)
MR       .....                  (boots unavailable)
Stlth    +.........             (no amulet)
HPRegen  0.53/turn              g - ring of protection from cold
MPRegen  0.09/turn              (no ring)

@: mighty
A: large, unfitting armour, claws 3, fast metabolism 3, gourmand, regeneration
1, shaggy fur 1, tough skin 3
a: no special abilities


You were on level 3 of the Dungeon.
You were completely stuffed.

You visited 1 branch of the dungeon, and saw 3 of its levels.

You collected 136 gold pieces.

Inventory:

Missiles
 m - 24 poisoned darts (quivered)
Armour
 a - a +0 robe (worn)
 d - a +2 large shield of reflection (worn)
 h - a +2 hat (worn)
Jewellery
 g - a ring of protection from cold (left claw)
 k - an uncursed ring of fire
Scrolls
 b - 4 scrolls of magic mapping {unknown}
 e - 2 scrolls of remove curse {unknown}
 f - 2 scrolls of teleportation {unknown}
 j - a scroll of fog {unknown}
Comestibles
 c - 4 rations


   Skills:
 - Level 1.6 Dodging
 - Level 1.0 Stealth
 + Level 1.9 Shields
 + Level 2.9 Unarmed Combat
 - Level 1.2 Spellcasting
   Level 0.6 Conjurations
 - Level 2.2 Ice Magic


You had 4 spell levels left.
You knew the following spells:

 Your Spells              Type           Power        Failure   Level  Hunger
a - Freeze                Ice            #...         90%         1    ##.....

Your spell library contained the following spells:

 Spells                   Type           Power        Failure   Level  Hunger
 Throw Frost              Conj/Ice       #.....       99%         2    ###....
 Ozocubu's Armour         Chrm/Ice       #.......     100%        3    ####...
 Summon Ice Beast         Ice/Summ       #.......     100%        4    #####..
 Throw Icicle             Conj/Ice       #.......     100%        4    #####..


Dungeon Overview and Level Annotations

Branches:
Dungeon (3/15)

Altars:


Innate Abilities, Weirdness & Mutations

You are too large for most types of armour.
You have claws for hands.
Your metabolism is lightning-fast.
You like to eat raw meat.
Your natural rate of healing is unusually fast.
You are covered in fur. (AC +1)
You have extremely tough skin. (AC +3)


Message History

You block the orc wizard's attack.
The orc priest calls down the wrath of Beogh upon you.
Beogh smites you!
* * * LOW HITPOINT WARNING * * *
You claw the orc wizard!
You kill the orc wizard!
You have reached level 4!
It was a potion of might.
You feel very mighty all of a sudden. You block the orc's attack.
Your shield prevents you from hitting the orc.
You block the orc's attack.
You scratch the orc.
The orc is severely wounded.
You block the orc's attack.
You claw the orc!
You kill the orc!
The orc priest calls down the wrath of Beogh upon you.
Beogh smites you!
You die...

###.##.####.####.....)...#
#.#..(...............####
##.##.####.####.#...## #
#.# #.# #.##### #.####.#
#. #......####.#
######......# #.####.# #@#
#)# #o(.o.... ...##.o..
##.## .. #.# #(. ###


You could see an orc priest.

Vanquished Creatures
  Natasha (D:3)
  An orc wizard (D:3)
  A worm (D:2)
  A dart slug (D:1)
  2 orcs (D:3)
  2 ball pythons
  3 giant cockroaches (D:1)
  4 goblins
  5 hobgoblins
  A jackal (D:2)
  7 kobolds
  A quokka (D:2)
  A bat (D:1)
  4 rats
34 creatures vanquished.

Notes
Turn   | Place    | Note
-------+----------+-------------------------------------------
     0 | D:1      | Avack the Troll Ice Elementalist began the quest for the
                  | Orb.
     0 | D:1      | Reached XP level 1. HP: 16/16 MP: 1/1
   130 | D:1      | Reached skill level 1 in Unarmed Combat
   132 | D:1      | Reached XP level 2. HP: 24/24 MP: 2/2
   771 | D:2      | Reached XP level 3. HP: 31/31 MP: 3/3
   799 | D:2      | Reached skill level 1 in Shields
  1169 | D:3      | Noticed Natasha
  1183 | D:3      | Killed Natasha
  1371 | D:3      | Reached XP level 4. HP: 4/39 MP: 4/4
  1375 | D:3      | Killed from afar by an orc priest

Levels and vault maps discovered:
D:1:      ncdulo_smallfort, layout_loops_ring
D:2:      minmay_chambers_of_twos, layout_loops_cross, vehumet_crystals
D:3:      layout_loops_corners, uniq_natasha

Skill      XL: |  1  2  3 |
---------------+----------+-----
Unarmed Combat | 1 2 |  2.9
Shields        | 1 |  1.9
Dodging        | |  1.6
Stealth        | |  1.0
Spellcasting   | |  1.2
Conjurations   | |  0.6
Ice Magic      | |  2.2

Action                   |  1- 3 |  4- 6 || total
-------------------------+-------+-------++-------
Melee: Unarmed           |   113 |     3 ||   116
Throw: Dart              |     2 |       ||     2
  Use: Potion            |       |     1 ||     1
 Stab: Sleeping          |     3 |       ||     3
  Eat: Chunk             |    18 |       ||    18
Armor: Robe              |    36 |       ||    36
Dodge: Dodged            |    21 |       ||    21
Block: Large shield      |    45 |     3 ||    48

Table legend:
 A = Non-vault XP
 B = Vault XP
 C = Vault XP percentage of total XP
 D = Non-vault monster count
 E = Vault monster count
 F = Vault count percentage of total count
                 A         B        C        D         E       F
            +---------+---------+-------+---------+---------+-------
      Total |      84 |      49 |  36.8 |      25 |       9 |  26.5
            +---------+---------+-------+---------+---------+-------
        D:1 |      28 |       0 |   0.0 |      15 |       0 |   0.0
        D:2 |      12 |      13 |  52.0 |       6 |       8 |  57.1
        D:3 |      44 |      36 |  45.0 |       4 |       1 |  20.0
            +---------+---------+-------+---------+---------+-------
